AoeStats
← Schluder

Arabia

505896587Analyzed
3v3 RM · 20d ago on Sep 11, 2026· 52m 36s· 6 players
Game mode
Random Map
Map size
Normal (6 player)
Population
200
Speed
Normal
Resources
Standard
Victory
Conquest
Starting age
Dark Age
Ending age
Imperial Age
RankedLock teamsTeams togetherTeam positionsShared explorationLock speedFull tech treeHidden civsTurbo modeCheats
Victory
Defeat
🇨🇱 Berbers · Chile
935
+12
🇵🇪 Burgundians · Peru
909
+13
🇨🇷 Huns · Costa Rica
865
+15
🇩🇪 Mongols · Germany
918
-15
🇩🇪 Chinese · Germany
828
-13
🇩🇪 Bulgarians · Germany
815
-12
RaskWarrioR
6:46 Loom
9:16 Feudal Age
8:19 Double-Bit Axe
8:33 Horse Collar
10:08 Wheelbarrow
12:04 Bow Saw
21:08 Castle Age
20:01 Scale Barding Armor
24:09 Gold Mining
25:04 Chain Barding Armor
26:35 Heavy Plow
27:19 Gold Shaft Mining
28:30 Hand Cart
30:57 Cavalier
34:00 Two-Man Saw
34:26 Husbandry
37:49 Imperial Age
35:55 Forging
36:23 Stone Mining
38:24 Iron Casting
39:18 Plate Barding Armor
38:15 Paladin
40:25 Blast Furnace
41:40 Scale Mail Armor
41:31 Fletching
41:04 Light Cavalry
42:48 Hussar
44:04 Burgundian Vineyards
Cuerv0
5:55 Loom
11:38 Feudal Age
16:10 Padded Archer Armor
17:03 Double-Bit Axe
20:27 Wheelbarrow
21:21 Fletching
25:18 Castle Age
25:52 Pikeman
29:36 Squires
29:50 Scale Barding Armor
29:57 Stone Mining
29:55 Horse Collar
30:28 Bow Saw
33:29 Chain Barding Armor
34:16 Forging
35:29 Hand Cart
36:30 Iron Casting
35:52 Town Watch
36:17 Heavy Plow
36:54 Kasbah
36:23 Light Cavalry
37:05 Husbandry
39:52 Imperial Age
38:18 Bloodlines
39:24 Town Patrol
40:28 Cavalier
41:47 Plate Barding Armor
41:52 Man-at-Arms
41:56 Heavy Camel Rider
42:43 Bodkin Arrow
43:20 Gold Mining
45:37 Capped Ram
51:31 Elite Camel Archer
52:35 Conscription
52:15 Hussar
mandalvarado
2:51 Loom
11:29 Feudal Age
13:44 Double-Bit Axe
22:07 Castle Age
20:06 Horse Collar
22:03 Forging
24:25 Marauders
25:25 Iron Casting
24:12 Light Cavalry
25:03 Bloodlines
24:54 Husbandry
24:19 Pikeman
31:08 Squires
38:32 Wheelbarrow
37:54 Gold Mining
37:54 Stone Mining
40:50 Hand Cart
45:57 Imperial Age
48:08 Blast Furnace
47:14 Scale Barding Armor
47:01 Capped Ram
48:58 Heavy Plow
TrainerLukas
11:45 Feudal Age
16:47 Castle Age
14:33 Loom
15:28 Double-Bit Axe
15:26 Horse Collar
20:13 Padded Archer Armor
20:03 Fletching
22:15 Heavy Plow
22:41 Bow Saw
26:00 Gold Mining
26:00 Stone Mining
29:52 Bodkin Arrow
30:13 Leather Archer Armor
31:49 Elite Skirmisher
34:10 Ballistics
41:38 Imperial Age
39:43 Wheelbarrow
38:58 Town Watch
42:39 Conscription
42:32 Elite Chu Ko Nu
46:06 Ring Archer Armor
45:37 Bracer
45:47 Bracer
47:07 Hand Cart
46:52 Town Patrol
52:06 Chemistry
Krysztoff
6:18 Loom
10:15 Feudal Age
14:04 Castle Age
16:48 Bloodlines
17:16 Forging
30:00 Double-Bit Axe
30:09 Horse Collar
30:25 Gold Mining
30:26 Stone Mining
31:02 Bow Saw
30:59 Heavy Plow
36:43 Imperial Age
49:07 Fletching
Schluder
8:28 Loom
10:53 Feudal Age
12:02 Double-Bit Axe
12:55 Arson
16:20 Wheelbarrow
22:22 Castle Age
20:29 Horse Collar
24:00 Gambesons
24:30 Scale Mail Armor
24:40 Forging
26:23 Chain Mail Armor
26:18 Scale Barding Armor
29:14 Iron Casting
29:39 Squires
31:11 Bloodlines
33:13 Stone Mining
33:18 Gold Mining
33:52 Chain Barding Armor
34:57 Husbandry
37:08 Murder Holes
45:33 Imperial Age
45:54 Elite Konnik
47:05 Pikeman
48:37 Masonry
Connection lost

Rejoining the realm…

Still unreachable

The connection could not be restored.

Session expired

The server has moved on; the page needs a fresh start.